 Dungeon Crawl Stone Soup version 0.31-a0-889-g1a8549509d (webtiles) character file.

Game seed: 18359808481094062794

8030 p00ps00p the Fighter (level 11, -1/101 HPs)
             Began as a Hill Orc Fighter on Oct 16, 2023.
             Was an Initiate of Gozag.
             Slain by a chaos spawn (7 damage)
             ... on level 9 of the Dungeon.
             The game lasted 00:24:16 (8637 turns).

p00ps00p the Fighter (Hill Orc Fighter)             Turns: 8637, Time: 00:24:17

Health: -1/101     AC: 23    Str: 24    XL:     11   Next: 24%
Magic:  19/21      EV:  7    Int: 13    God:    Gozag
Gold:   575        SH:  7    Dex: 12    Spells: 10/10 levels left

rFire   + . .        F - +4 broad axe
rCold   . . .        c - +1 buckler
rNeg    . . .        I - +0 plate armour
rPois   +            N - +3 hat of Pondering {ponderous, Will+ MP+10 Int+5}
rElec   +            d - +1 cloak of Fortification {Fly rElec rPois Regen+}
rCorr   .            r - +1 pair of gloves
SInv    .            e - +0 pair of boots
Will    ++...        G - amulet of the acrobat Stlth
                     C - ring of willpower
HPRegen 1.16/turn    J - ring "Canguac" {Wiz rF+ Dex+2 Slay+3}
MPRegen 0.17/turn

%: acrobat, wizardry (x1)
@: mighty, flying, hasted, very quick
A: no striking features
a: Renounce Religion, Potion Petition, Call Merchant, Bribe Branch


You were on level 9 of the Dungeon.
You worshipped Gozag.
Gozag was pleased with you.
You visited 2 branches of the dungeon, and saw 10 of its levels.
You also visited: Ossuary.

You collected 1470 gold pieces.
You spent 668 gold pieces at shops.
You paid 227 gold pieces to Gozag.

Inventory:

Hand Weapons
 a - a +0 war axe
 i - the +8 rapier of Rotation {protect, rN+}
   (You found it on level 4 of the Dungeon)

   rN+:       It protects you from negative energy.
 p - a +4 battleaxe
 E - a +1 whip of flaming
 F - a +4 broad axe (weapon)
Missiles
 m - 5 silver javelins
 q - 45 poisoned darts
Armour
 b - a +0 scale mail
 c - a +1 buckler (worn)
 d - the +1 cloak of Fortification (worn) {Fly rElec rPois Regen+}
   (You acquired it on level 4 of the Dungeon)

   rElec:     It insulates you from electricity.
   rPois:     It protects you from poison Fly: It grants you flight.
   Regen+:    It increases your rate of health regeneration.
 e - a +0 pair of boots (worn)
 r - a +1 pair of gloves (worn)
 z - an orb of light
 I - a +0 plate armour (worn)
 N - the +3 hat of Pondering (worn) {ponderous, Will+ MP+10 Int+5}
   (You took it off Gastronok on level 9 of the Dungeon)

   Int+5:     It affects your intelligence (+5).
   Will+:     It increases your willpower.
   MP+10:     It affects your magic capacity (+10).
Jewellery
 l - a ring of wizardry
 w - a ring of flight
 C - a ring of willpower (left hand)
 G - an amulet of the acrobat (around neck)
 J - the ring "Canguac" (right hand) {Wiz rF+ Dex+2 Slay+3}
   (You bought it in a shop on level 4 of the Dungeon)

   [ring of wizardry]

   Wiz:       It improves your spell success rate.
   Dex+2:     It affects your dexterity (+2).
   Slay+3:    It affects your accuracy & damage with ranged weapons and melee
   (+3).
   rF+:       It protects you from fire.
 M - an amulet of magic regeneration
Wands
 s - a wand of polymorph (12)
 y - a wand of mindburst (3)
 H - a wand of iceblast (3)
Scrolls
 o - a scroll of silence
 A - a scroll of torment
 B - 2 scrolls of identify
 K - a scroll of poison {unknown}
 L - a scroll of immolation {unknown}
Potions
 f - 2 potions of lignification
 g - 2 potions of attraction
 h - a potion of cancellation {unknown}
 j - 2 potions of haste
 k - 7 potions of curing
 n - a potion of enlightenment
 t - a potion of might
 u - 3 potions of ambrosia {unknown}
 v - 2 potions of berserk rage
 x - a potion of mutation {unknown}
 D - 2 potions of brilliance {unknown}


   Skills:
 + Level 10.6 Fighting
 + Level 7.6 Short Blades
 + Level 7.2 Axes
 + Level 9.7 Armour
 + Level 9.8 Shields


You had 10 spell levels left.
You didn't know any spells.
Your spell library contained the following spells:

 Spells                   Type           Power      Damage    Failure   Level
 Necrotise                Necr           0%         1d4       82%         1
 Blink                    Tloc           0%         N/A       91%         2
 Vampiric Draining        Necr           0%         2d6       99%         3
 Manifold Assault         Tloc           0%         N/A       100%        4
 Agony                    Necr           0%         N/A       100%        5


Dungeon Overview and Level Annotations

Branches:
Dungeon (9/15)             Temple (1/1) D:6            Lair (0/5) D:8
Ossuary (visited)
    Orc: D:9-12

Altars:
Ashenzari
Cheibriados
Dithmenos
Elyvilon
Fedhas
Gozag
Hepliaklqana
Kikubaaqudgha
Makhleb
Nemelex Xobeh
Okawaru
Qazlal
Ru
Sif Muna
Trog
Uskayaw
Vehumet
Wu Jian
Xom
Yredelemnul
Zin
The Shining One

Shops:
D:1 :   D:4 =?=*   D:8 :


Message History

You are engulfed in flames!
You resist.
* * * LOW HITPOINT WARNING * * *
The sun demon hits you but does no damage.
Aiming: Mindburst
Press: ? - help, Q - select action, (/) - cycle Shift-Dir - straight line, f/p - sun demon
Aim: a sun demon (almost dead, chance to affect: 16%)
The sun demon resists with almost no effort.
The sun demon barely misses you.
You feel better.
The sun demon hits you but does no damage.
You feel yourself speed up. The sun demon hits you.
* * * LOW HITPOINT WARNING * * *
You are engulfed in flames!
You resist.
* * * LOW HITPOINT WARNING * * *
The chaos spawn completely misses you. The sun demon barely misses you.
You feel better.
The chaos spawn hits you but does no damage.
You feel very mighty all of a sudden.
The sun demon hits you but does no damage.
The chaos spawn gores you.
* * * LOW HITPOINT WARNING * * *
The chaos spawn draws strength from your injuries!
You closely miss the sun demon.
The sun demon is severely wounded.
You closely miss the chaos spawn. The sun demon closely misses you.
A quasit comes into view.
The chaos spawn hits you.
* * * LOW HITPOINT WARNING * * *
You are engulfed in flames.
You resist.
* * * LOW HITPOINT WARNING * * *
The quasit gives a chilling moan.
You hit the sun demon.
The sun demon is almost dead.
You slash the chaos spawn! The sun demon hits you.
* * * LOW HITPOINT WARNING * * *
You are engulfed in flames.
You resist.
* * * LOW HITPOINT WARNING * * *
The chaos spawn hits you!
You die...
Your body crumbles into a pile of gold.

#.....# #....#
#. #.....#
#....# #.
#..5..# #....#
#. #.....#
#....# ###.....#
........#
........##+##...
.......43.......
....####@######.
....#...$.....#
... #.........#
.. #.........#
#######+###


You could see a sun demon, a chaos spawn and a quasit.

Vanquished Creatures
  Gastronok (D:9)
  Erolcha (D:9)
  A sixfirhy (D:9)
  Pikel (D:7)
  Maggie (D:7)
  A red devil (D:9)
  A troll (D:8)
  A hornet (D:8)
  A wyvern (D:9)
  A steam dragon (D:9)
  Menkaure (D:7)
  A water moccasin (D:7)
  A black bear (D:3)
  A sky beast (D:6)
  An ogre (D:7)
  3 centaurs
  2 kobold brigands (D:8)
  6 bullfrogs
  A scorpion (D:5)
  A gnoll sergeant (D:8)
  12 wights
  16 killer bees
  4 howler monkeys (D:7)
  4 electric eels (D:8)
  A quasit (D:9)
  10 hounds
  Crazy Yiuf (D:6)
  4 orc priests
  4 jellies
  Ijyb (D:3)
  Jessica (D:3)
  4 orc wizards
  A sleepcap (D:8)
  2 iguanas
  8 mummies (Ossuary)
  9 gnolls
  5 adders
  2 shadow imps
  A white imp (D:3)
  3 ufetubi
  3 worms
  6 dart slugs
  22 orcs
  3 ball pythons
  3 endoplasms
  9 giant cockroaches
  6 hobgoblins
  8 jackals
  5 quokkas
  4 bats
  4 frilled lizards
  A gnoll zombie (Ossuary)
  7 goblins
  4 hobgoblin zombies (Ossuary)
  19 kobolds
  3 kobold zombies (Ossuary)
  4 rats
  A spectral hobgoblin (D:1)
233 creatures vanquished.

Notes
Turn   | Place    | Note
-------+----------+-------------------------------------------
     0 | D:1      | p00ps00p the Hill Orc Fighter began the quest for the Orb.
     0 | D:1      | Reached XP level 1. HP: 19/19 MP: 1/1
    75 | D:1      | Found a faded altar of an unknown god.
   111 | D:1      | Reached XP level 2. HP: 26/27 MP: 2/2
   123 | D:1      | Reached skill level 4 in Fighting
   239 | D:1      | Reached XP level 3. HP: 33/33 MP: 3/3
   417 | D:1      | Found Cowkias's Book Boutique.
   930 | D:2      | Reached XP level 4. HP: 40/40 MP: 4/4
  1508 | D:2      | Reached XP level 5. HP: 45/47 MP: 5/5
  1969 | D:3      | Noticed a black bear
  1980 | D:3      | Killed a black bear
  1981 | D:3      | Reached skill level 5 in Fighting
  1981 | D:3      | Reached XP level 6. HP: 31/56 MP: 6/6
  2136 | D:3      | Noticed Jessica
  2148 | D:3      | Killed Jessica
  2149 | D:3      | Reached skill level 5 in Axes
  2153 | D:3      | Noticed Ijyb
  2181 | D:3      | Killed Ijyb
  2483 | D:4      | Identified a scroll of acquirement
  2483 | D:4      | Acquired the +1 cloak of Fortification {Fly rElec rPois
                  | Regen+}
  2525 | D:4      | Found Loyniurihy's Jewellery Boutique.
  2626 | D:4      | Found an ornate altar of the Wu Jian Council.
  2626 | D:4      | Identified the +8 rapier of Rotation {protect, rN+}
  2632 | D:4      | Found a broken altar of Ashenzari.
  2672 | D:4      | Found Ysmi Ydo's Assorted Antiques.
  2760 | D:4      | Found Foll's Magic Scroll Shoppe.
  2989 | D:4      | Reached skill level 5 in Shields
  2999 | D:4      | Reached skill level 5 in Armour
  2999 | D:4      | Reached XP level 7. HP: 61/61 MP: 7/7
  3025 | D:4      | Found Goekuoh's Jewellery Emporium.
  3040 | D:4      | Reached skill level 1 in Short Blades
  3143 | D:5      | Entered Level 5 of the Dungeon
  3329 | D:5      | Reached skill level 6 in Fighting
  3408 | D:5      | Found a sand-covered staircase.
  3432 | Ossuary  | Entered an ossuary
  3921 | D:6      | Found a runed translucent door.
  3922 | D:6      | Noticed Crazy Yiuf
  3960 | D:6      | Reached XP level 8. HP: 58/71 MP: 8/8
  3979 | D:6      | Found a staircase to the Ecumenical Temple.
  4453 | Temple   | Entered the Ecumenical Temple
  4484 | Temple   | Became a worshipper of Gozag Ym Sagoz the Greedy
  4702 | D:6      | Reached skill level 7 in Fighting
  4851 | D:6      | Killed Crazy Yiuf
  4895 | D:7      | Noticed Maggie
  4989 | D:7      | Noticed Pikel
  5003 | D:7      | Killed Pikel
  5004 | D:7      | Reached XP level 9. HP: 75/81 MP: 9/9
  5106 | D:7      | Found a blossoming altar of Fedhas.
  5107 | D:7      | Found a hazy altar of Hepliaklqana.
  5216 | D:7      | Killed Maggie
  5217 | D:7      | Reached skill level 8 in Fighting
  5239 | D:7      | Reached skill level 5 in Short Blades
  5887 | D:7      | Noticed Menkaure
  5895 | D:7      | Killed Menkaure
  6054 | D:4      | Bought the ring "Canguac" {Wiz rF+ Dex+2 Slay+3} for 668
                  | gold pieces
  6170 | D:8      | Noticed a hornet
  6611 | D:8      | Reached skill level 9 in Fighting
  6641 | D:8      | Killed a hornet
  6642 | D:8      | Reached XP level 10. HP: 91/91 MP: 10/10
  6825 | D:8      | Found Juott's Book Shoppe.
  7290 | D:8      | Found a staircase to the Lair.
  7342 | D:8      | Identified the +0 leather armour of Haerruoll {-Cast rElec
                  | Str-3 Stlth+}
  7767 | D:9      | Noticed Erolcha
  7772 | D:9      | Killed Erolcha
  7773 | D:9      | Reached skill level 10 in Fighting
  7802 | D:9      | Noticed a sixfirhy
  7813 | D:9      | Killed a sixfirhy
  7818 | D:9      | Noticed an orange demon
  7822 | D:9      | Reached XP level 11. HP: 80/101 MP: 11/11
  8564 | D:9      | Noticed Gastronok
  8579 | D:9      | Killed Gastronok
  8614 | D:9      | Noticed a sun demon
  8637 | D:9      | Slain by a chaos spawn

Illustrated notes

Levels and vault maps discovered:
D:1:      saegor_arrival_simple_d, layout_loops_ring, serial_shops,
          nicolae_shop_rolling_square, dreamdust_ecumenical_altar_drowned_temple
D:2:      kb_forest_paths, layout_basic
D:3:      layout_basic, uniq_ijyb, uniq_jessica
D:4:      layout_basic, chequers_temple_overflow_statue_of_worship,
          serial_shops, shop, shop, nicolae_shop_rolling_square,
          nicolae_shop_stone, minmay_starry_boxes
D:5:      layout_cave_pools, lightli_ossuary_entry_decrepit_ruins
D:6:      layout_loops_ring, temple_hall, uniq_crazy_yiuf_cottage
D:7:      layout_loops_corners, mainiacjoe_overflow_divided_tiny,
          kennysheep_generic_room_12, uniq_menkaure, uniq_pikel, uniq_maggie
D:8:      layout_basic, erik_lair_island, serial_shops, shop,
          serial_corexii_hall, chequers_hall_statues_corner_a,
          corexii_hall_statues_deadend
D:9:      layout_irregular_city, serial_demonic, serial_demonic_a,
          serial_demonic_e, serial_demonic_d, serial_demonic_g, uniq_erolcha,
          uniq_prince_ribbit1, uniq_gastronok
Temple:   compressed_dpeg_circular_temple

Skill      XL: |  1  2  3  4  5  6  7  8  9 10 11 |
---------------+----------------------------------+-----
Axes           | 3 4 5 6 7 |  7.2
Fighting       | 4 5 6 7 9 10 | 10.6
Shields        | 4 5 7 8 9 |  9.8
Armour         | 4 5 7 8 9 |  9.7
Short Blades   | 2 4 6 7 |  7.6

Action                     |  1- 3 |  4- 6 |  7- 9 | 10-12 || total
---------------------------+-------+-------+-------+-------++-------
  Melee: War axe           |    76 |   151 |       |       ||   227
         Rapier            |       |    31 |   370 |    31 ||   432
         Unarmed           |       |     6 |       |       ||     6
         Broad axe         |       |       |       |   166 ||   166
  Evoke: Wand              |       |       |     5 |    12 ||    17
    Use: Potion            |       |     2 |     3 |     5 ||    10
         Scroll            |       |     9 |    10 |     1 ||    20
   Stab: Distracted        |       |       |       |     2 ||     2
 Armour: Scale mail        |    57 |   117 |   285 |       ||   459
         Skin              |       |    18 |       |       ||    18
         Plate armour      |       |       |    75 |   253 ||   328
  Dodge: Dodged            |    45 |    92 |   168 |   115 ||   420
  Block: Buckler           |    17 |    57 |   133 |    94 ||   301

Table legend: (Time is in decaauts)
 A = Elapsed time spent in this place.
 B = Non-inter-level travel time spent in this place.
 C = Inter-level travel time spent in this place.
 D = Time resting spent in this place.
 E = Time spent auto-exploring this place.
 F = Levels seen in this place.
 G = Mean time per level.
                   A        B        C        D        E       F      G
               +--------+--------+--------+--------+--------+-----+--------+
         Total |   8789 |   8117 |    672 |   1142 |   5003 |  11 |  799.0 |
       Dungeon |   8466 |   7855 |    611 |   1108 |   4891 |   9 |  940.7 |
        Temple |     62 |      1 |     61 |      0 |      0 |   1 |   62.0 |
       Ossuary |    260 |    260 |      0 |     34 |    112 |   1 |  260.0 |
               +--------+--------+--------+--------+--------+-----+--------+

Top non-repeatable levels by time:
     D:8: 1596 daAuts
     D:7: 1591 daAuts
     D:6: 1010 daAuts
     D:2: 970 daAuts
     D:1: 903 daAuts
     D:4: 834 daAuts
     D:3: 677 daAuts
     D:5: 589 daAuts
     D:9: 292 daAuts
 Ossuary: 260 daAuts
  Temple: 62 daAuts
